 Dungeon Crawl Stone Soup version 0.20-a0-351-gc9b4002 (webtiles) character file.

17396 Faca the Cleaver (level 12, -2/96 HPs)
             Began as a Formicid Fighter on Dec 24, 2016.
             Was the Champion of Okawaru.
             Slain by a stone giant (10 damage)
             ... on level 2 of the Orcish Mines.
             The game lasted 00:45:54 (13086 turns).

Faca the Cleaver (Formicid Fighter)                Turns: 13086, Time: 00:45:54

Health: -2/96      AC: 20    Str: 25    XL:     12   Next: 82%
Magic:  12/12      EV: 10    Int:  9    God:    Okawaru [******]
Gold:   986        SH: 13    Dex: 15    Spells: 11/11 levels left

rFire  + . .     SeeInvis +     E - +4 battleaxe of Luguquj {chop, rPois rN+ Dex+3}
rCold  . . .     Gourm    .     a - +6 chain mail of the Jolly Stories {rPois Str+2}
rNeg   + . .     Faith    .     c - +0 shield
rPois  +         Spirit   .     (helmet unavailable)
rElec  .         Reflect  .     y - +0 cloak
rCorr  .         Harm     .     q - +1 pair of gloves
MR     ++...                    (no boots)
Stlth  ..........               (no amulet)
                                m - ring of protection from magic (curse)
                                o - ring of protection from fire

@: drained
A: permanent stasis, dig shafts and tunnels, four strong arms, antennae 3
a: Dig, Shaft Self, Heroism, Finesse, Renounce Religion


You were on level 2 of the Orcish Mines.
You worshipped Okawaru.
Okawaru was exalted by your worship.
You were not hungry.

You visited 4 branches of the dungeon, and saw 15 of its levels.
You visited the Abyss 1 time.

You collected 1040 gold pieces.
You spent 54 gold pieces at shops.

Inventory:

Hand Weapons
 e - a +2 dire flail of protection
 E - the +4 battleaxe of Luguquj (weapon) {chop, rPois rN+ Dex+3}
   (Okawaru gifted it to you on level 11 of the Dungeon)

   It inflicts extra damage upon your enemies.
   It affects your dexterity (+3).
   It protects you from poison.
   It protects you from negative energy.
Armour
 a - the +6 chain mail of the Jolly Stories (worn) {rPois Str+2}
   (You found it on level 7 of the Dungeon)

   It affects your strength (+2).
   It protects you from poison.
 c - a +0 shield (worn)
 q - a +1 pair of gloves (worn)
 w - the +2 robe "Uteaxtev" {rElec Str+3}
   (You found it on level 4 of the Dungeon)

   It affects your strength (+3).
   It insulates you from electricity.
 y - a +0 cloak (worn)
Jewellery
 m - a cursed ring of protection from magic (right hand)
 o - a ring of protection from fire (left hand)
Wands
 r - a wand of acid (5/15)
 x - a wand of lightning (13/15)
 D - a wand of paralysis (13/24)
Scrolls
 b - 3 scrolls of enchant weapon
 t - 8 scrolls of remove curse
 u - a scroll of recharging
 F - a scroll of enchant armour
 H - 2 scrolls of fog
Potions
 d - a potion of ambrosia {unknown}
 g - 2 potions of magic
 h - a potion of resistance
 i - 4 potions of lignification
 k - 4 potions of brilliance
 l - a potion of agility
 n - a potion of curing
 p - 2 potions of cure mutation
 C - a potion of flight {unknown}
 I - a potion of cancellation
Comestibles
 f - 9 bread rations
 j - 7 beef jerkies
 s - 3 fruits
 v - 2 slices of pizza
 z - 3 meat rations


   Skills:
 + Level 9.4(9.2) Fighting
 + Level 13.5(13.4) Axes
 + Level 3.3(9.4) Maces & Flails
 + Level 0.8(0.6) Throwing
 + Level 8.4(8.2) Armour
 + Level 3.0(2.8) Dodging
 + Level 1.1(1.0) Stealth
 + Level 11.0(10.8) Shields


You had 11 spell levels left.
You didn't know any spells.

Dungeon Overview and Level Annotations

Branches:
Dungeon (11/15)            Temple (1/1) D:4            Lair (1/6) D:11
    Orc (2/2) D:10
    Elf: Orc:2

Altars:
Elyvilon
Hepliaklqana
Makhleb
Nemelex Xobeh
Okawaru
Qazlal
Sif Muna
Uskayaw
Yredelemnul
Zin
Beogh

Shops:
D:5 [   D:6 (   D:8 [   Orc:2 **

Annotations:
Lair:1 Sonja


Innate Abilities, Weirdness & Mutations

You cannot be hasted, slowed, berserked, paralysed or teleported.
You can dig through walls and to a lower floor.
Your four strong arms can wield two-handed weapons with a shield.
You have a pair of large antennae on your head. (SInv)


Message History

Items here: ( )))) [[[[[ ††† The stone giant hits you!!
There is an open door, spattered with blood here.
You hit the stone giant.
The stone giant is lightly wounded.
You block the stone giant's attack.
You hit the stone giant but do no damage.
The stone giant is lightly wounded.
The stone giant hits you.
You slice the stone giant!!
The stone giant is heavily wounded.
The stone giant hits you!!
* * * LOW HITPOINT WARNING * * *
You completely miss the stone giant.
The stone giant is heavily wounded.
The stone giant hits you but does no damage.
You slice the stone giant!!
The stone giant is severely wounded.
The stone giant hits you!
You die...

............
.........#.
..........##
.##............#
...............#####
....<.. #.....<#..##
#......##
#.........#
#......###..(C....#
#......##..###@#..#
#......C.##.))##.#
##......##....)# .#
##.....#.......# #
#.....#...8...#
###.....#..._...#
#.......##.....##
#.....#..##.∩.##
###.....#..#####


You could see a stone giant.

Vanquished Creatures
  Erica (D:8)
  3 death yaks (D:11)
  Nergalle (D:11)
  An unseen horror (D:11)
  2 ugly things (D:11)
  2 cyclopes
  Joseph (D:8)
  5 elephants (Lair:1)
  2 spiny frogs
  2 blink frogs (D:11)
  4 hippogriffs
  A shadow (D:11)
  A hungry ghost (D:11)
  Grum (D:8)
  Menkaure (D:5)
  A warg (Orc:1)
  Edmund (D:4)
  2 water moccasins (Lair:1)
  2 porcupines (D:11)
  7 ice beasts
  4 black bears
  15 orc warriors
  An eye of draining (D:8)
  2 wolves (D:8)
  9 ogres
  2 centaurs
  2 big kobolds
  Blork the orc (D:5)
  7 bullfrogs
  4 scorpions
  8 killer bees
  3 howler monkeys
  3 crimson imps
  A centaur zombie (D:10)
  14 orc priests
  A gnoll shaman (D:7)
  8 hounds
  4 jellies
  Crazy Yiuf (D:6)
  2 bullfrog skeletons
  16 orc wizards
  2 centaur skeletons
  4 iguanas
  10 worker ants
  2 hell rats (D:11)
  A hound zombie (D:8)
  5 hound skeletons
  A worker ant zombie (D:10)
  Robin (D:4)
  14 adders
  11 gnolls
  3 river rats (D:11)
  5 shadow imps
  An ooze (D:3)
  An adder zombie (D:5)
  2 adder skeletons
  A worm (D:2)
  4 dart slugs (D:1)
  10 leopard geckos
  70 orcs
  5 bats
  5 giant cockroaches
  7 hobgoblins
  8 jackals
  8 quokkas
  A ball python (D:4)
  3 frilled lizards
  14 goblins
  18 kobolds
  9 rats
  A fungus (Lair:1)
376 creatures vanquished.

Vanquished Creatures (others)
  2 kobolds (D:10)
2 creatures vanquished.

Grand Total: 378 creatures vanquished

Notes
Turn   | Place    | Note
-------+----------+-------------------------------------------
     0 | D:1      | Faca the Formicid Fighter began the quest for the Orb.
     0 | D:1      | Reached XP level 1. HP: 18/18 MP: 1/1
    71 | D:1      | Reached XP level 2. HP: 24/24 MP: 2/2
   436 | D:1      | Reached XP level 3. HP: 29/29 MP: 3/3
  1353 | D:2      | Reached XP level 4. HP: 33/35 MP: 4/4
  1692 | D:3      | Reached skill level 3 in Axes
  1692 | D:3      | Reached XP level 5. HP: 7/41 MP: 5/5
  2071 | D:3      | Reached XP level 6. HP: 37/48 MP: 6/6
  2196 | D:3      | Reached skill level 4 in Axes
  2453 | D:4      | Noticed Robin
  2486 | D:4      | Killed Robin
  2664 | D:4      | Reached skill level 5 in Shields
  2772 | D:4      | Reached XP level 7. HP: 54/54 MP: 7/7
  2917 | D:4      | Reached skill level 5 in Axes
  3273 | D:4      | Found a staircase to the Ecumenical Temple.
  3278 | Temple   | Entered the Ecumenical Temple
  3295 | Temple   | Became a worshipper of Warmaster Okawaru
  3354 | D:4      | Got a wizard robe
  3365 | D:4      | Identified the +2 robe "Uteaxtev" {rElec Str+3} (You found it on level 4 of the Dungeon)
  3573 | D:4      | Noticed Edmund
  3584 | D:4      | Killed Edmund
  3611 | D:5      | Entered Level 5 of the Dungeon
  3622 | D:5      | Noticed Menkaure
  3627 | D:5      | Killed Menkaure
  3627 | D:5      | Reached * piety under Okawaru
  3627 | D:5      | Reached skill level 5 in Armour
  3825 | D:5      | Found Zuegis's Antique Armour Shop.
  3831 | D:5      | Reached skill level 6 in Axes
  3831 | D:5      | Reached XP level 8. HP: 12/61 MP: 8/8
  4097 | D:5      | Reached skill level 1 in Dodging
  4336 | D:5      | Noticed Blork the orc
  4350 | D:5      | Killed Blork the orc
  4921 | D:6      | Found Pukhuext's Antique Weapon Emporium.
  4943 | D:6      | Reached skill level 5 in Fighting
  5159 | D:6      | Found a deep blue altar of Sif Muna.
  5159 | D:6      | Found a hide-covered altar of Uskayaw.
  5565 | D:6      | Found a runed door.
  5570 | D:6      | Noticed Crazy Yiuf
  5577 | D:6      | Killed Crazy Yiuf
  5577 | D:6      | Reached skill level 7 in Axes
  5577 | D:6      | Reached XP level 9. HP: 50/68 MP: 9/9
  5627 | D:6      | Reached ** piety under Okawaru
  6299 | D:7      | Found a burning altar of Makhleb.
  6304 | D:7      | Found a glowing silver altar of Zin.
  6304 | D:7      | Noticed an angel
  6305 | D:7      | Noticed a cacodemon
  6367 | D:7      | Reached skill level 8 in Axes
  7177 | D:7      | Got a faintly glowing chain mail
  7188 | D:7      | Identified the +6 chain mail of the Jolly Stories {rPois Str+2} (You found it on level 7 of the Dungeon)
  7226 | D:7      | Reached *** piety under Okawaru
  7546 | D:8      | Noticed Grum
  7573 | D:8      | Reached XP level 10. HP: 57/76 MP: 10/10
  7605 | D:8      | Killed Grum
  7605 | D:8      | Reached skill level 9 in Axes
  7605 | D:8      | Reached skill level 1 in Maces & Flails
  7765 | D:8      | Noticed Erica
  7790 | D:8      | Killed Erica
  7790 | D:8      | Reached **** piety under Okawaru
  8018 | D:8      | Found Rakoir's Armour Boutique.
  8030 | D:8      | Bought a +0 pair of gloves for 54 gold pieces
  8050 | D:8      | Noticed Joseph
  8087 | D:8      | Killed Joseph
  8259 | D:9      | Reached skill level 10 in Axes
  8260 | D:9      | Reached ***** piety under Okawaru
  8795 | D:9      | Found a hazy altar of Hepliaklqana.
  9217 | D:9      | Reached XP level 11. HP: 63/84 MP: 11/11
  9325 | D:10     | Entered Level 10 of the Dungeon
 10084 | D:10     | Found a staircase to the Orcish Mines.
 10104 | D:10     | Reached skill level 11 in Axes
 10613 | D:11     | Noticed a cyclops
 10615 | D:11     | Noticed Nergalle
 10649 | D:11     | Killed a cyclops
 10695 | D:10     | Noticed a cyclops
 10704 | D:10     | Killed a cyclops
 10838 | D:11     | Noticed a brown ugly thing
 10853 | D:11     | Killed a brown ugly thing
 10853 | D:11     | Received a gift from Okawaru
 10858 | D:11     | Got a jewelled battleaxe {god gift}
 10859 | D:11     | Identified the +4 battleaxe of Luguquj {chop, rPois rN+ Dex+3} (Okawaru gifted it to you on level 11 of the Dungeon)
 10880 | D:11     | Found a hide-covered altar of Uskayaw.
 10890 | D:11     | Noticed an unseen horror
 10898 | D:11     | Killed an unseen horror
 11139 | D:11     | Found a staircase to the Lair.
 11143 | D:11     | Noticed a death yak
 11144 | D:11     | Noticed a death yak
 11147 | D:11     | Noticed a death yak
 11161 | D:11     | Killed a death yak
 11161 | D:11     | Reached skill level 12 in Axes
 11161 | D:11     | Reached skill level 10 in Shields
 11171 | D:11     | Killed a death yak
 11171 | D:11     | Reached XP level 12. HP: 19/94 MP: 12/12
 11186 | D:11     | Killed a death yak
 11186 | D:11     | Received a gift from Okawaru
 11472 | D:11     | Killed Nergalle
 11473 | D:11     | Reached ****** piety under Okawaru
 11829 | Lair:1   | Entered Level 1 of the Lair of Beasts
 11888 | Lair:1   | Reached skill level 1 in Stealth
 11889 | Lair:1   | Reached skill level 13 in Axes
 11973 | Lair:1   | Received a gift from Okawaru
 11993 | Lair:1   | Noticed Sonja
 12050 | Lair:1   | Cast into level 1 of the Abyss (Sonja)
 12221 | Lair:1   | Escaped the Abyss
 12669 | Orc:1    | Entered Level 1 of the Orcish Mines
 12864 | Orc:2    | Entered Level 2 of the Orcish Mines
 12886 | Orc:2    | Found a roughly hewn altar of Beogh.
 12915 | Orc:2    | Found Plog's Assorted Antiques.
 13057 | Orc:2    | Found a roughly hewn altar of Beogh.
 13057 | Orc:2    | Found Detileun's Assorted Antiques.
 13073 | Orc:2    | Noticed a stone giant
 13086 | Orc:2    | Slain by a stone giant

Vault maps used:
D:1:      dpeg_arrival_stonehenge_8_columns, roderic_serpentine_path,
          minivault_5, minmay_quantized
D:2:      grunt_ministairs_12, grunt_decor_arrowhead
D:4:      first_bread, serial_column_ruins, column_ruins_grid_1,
          column_ruins_grid_3, column_ruins_open_small,
          column_ruins_corridor_straight, column_ruins_corridor_straight,
          serial_park_tiny_pond, uniq_robin, uniq_edmund
D:5:      serial_shops, nicolae_shop_trees, uniq_menkaure, uniq_blork_the_orc
D:6:      nicolae_overflow_hidden_temple, serial_shops, shop,
          supply_closet_lemuel, serial_bayou_crossing, uniq_crazy_yiuf_cottage
D:7:      grunt_temple_overflow_order_and_chaos_2
D:8:      serial_shops, kennysheep_mini, grunt_ogre_cave,
          kennysheep_generic_room_10, uniq_erica, uniq_joseph, uniq_grum
D:9:      kennysheep_little_box
D:10:     erik_orc_3, minmay_unpleasant_kobolds
D:11:     dpeg_lair_monsters, basic_altar, uniq_nergalle
Temple:   kb_temple_of_zot
Lair:1:   uniq_sonja
Orc:1:    serial_shops, shop
Orc:2:    grunt_orc_community_town_hall, grunt_orc_community_big_house_1,
          grunt_orc_community_big_house_1, grunt_orc_community_house_1,
          grunt_orc_community_house_2, grunt_orc_community_house_1,
          grunt_orc_community_house_3, grunt_orc_community_house_3,
          grunt_orc_community_house_2, enter_volcano_4

Skill      XL: |  1  2  3  4  5  6  7  8  9 10 11 12 |
---------------+-------------------------------------+-----
Shields        | 4 5 6 7 9 10 11 | 11.0
Armour         | 4 5 6 7 8 |  8.4
Axes           | 3 4 6 7 8 10 12 13 | 13.5
Fighting       | 4 5 6 7 8 9 |  9.4
Dodging        | 1 2 3 |  3.0
Maces & Flails | 3 |  3.3
Stealth        | 1 |  1.1
Throwing       | |  0.8

Action                   |  1- 3 |  4- 6 |  7- 9 | 10-12 || total
-------------------------+-------+-------+-------+-------++-------
Melee: War axe           |    91 |   213 |   306 |       ||   610
       Battleaxe         |       |       |    61 |   592 ||   653
       Dire flail        |       |       |    19 |    62 ||    81
Throw: Tomahawk          |       |       |       |     6 ||     6
 Abil: Dig               |       |       |     5 |     4 ||     9
  Use: Scroll            |     5 |     6 |     7 |     6 ||    24
       Potion            |       |       |     4 |     3 ||     7
  Eat: Bread ration      |     1 |     1 |     1 |     4 ||     7
       Meat ration       |       |       |     2 |     1 ||     3
Armor: Scale mail        |    26 |       |       |       ||    26
       Plate armour      |     3 |   152 |   150 |       ||   305
       Chain mail        |       |       |    33 |   275 ||   308
Dodge: Dodged            |    24 |    56 |    94 |   217 ||   391
Block: Shield            |    54 |   124 |   203 |   407 ||   788
